 Dungeon Crawl Stone Soup version 0.27-a0-1200-g94dc6ad4cf (webtiles) character file.

Game seed: 3573881406350195160

128 Azzok the Chopper (level 4, -1/35 HPs)
             Began as a Demonspawn Berserker on May 30, 2021.
             Was a Believer of Trog.
             Killed by nerve-wracking pain
             ... invoked by Grinder
              (14 damage)
             ... on level 3 of the Dungeon.
             The game lasted 00:02:25 (2976 turns).

Azzok the Chopper (Demonspawn Berserker)            Turns: 2976, Time: 00:02:26

Health: -1/35      AC: 11    Str: 18    XL:     4   Next: 87%
Magic:  4/4        EV:  5    Int:  8    God:    Trog [**....]
Gold:   125        SH:  0    Dex: 13    Spells: 3/3 levels left

rFire    . . .     SeeInvis .   n - +0 broad axe
rCold    . . .     Faith    .   (no shield)
rNeg     . . .     Spirit   .   k - +0 plate armour
rPois    .         Reflect  .   c - +0 helmet
rElec    .         Harm     .   (no cloak)
rCorr    .         Rampage  .   (no gloves)
Will     .....                  (no boots)
Stlth    ..........             (no amulet)
HPRegen  0.11/turn              (no ring)
MPRegen  0.09/turn              (no ring)

@: on berserk cooldown, slowed, very slow
A: claws 1
a: Renounce Religion, Berserk, Trog's Hand


You were on level 3 of the Dungeon.
You worshipped Trog.
Trog was pleased with you.
You visited 1 branch of the dungeon, and saw 3 of its levels.

You collected 125 gold pieces.

Inventory:

Hand Weapons
 a - a +0 hand axe
 n - a +0 broad axe (weapon)
Missiles
 f - 2 throwing nets
Armour
 c - a +0 helmet (worn)
 k - a +0 plate armour (worn)
Wands
 o - a wand of acid (8)
Scrolls
 d - a scroll of identify {unknown}
 g - a scroll of magic mapping {unknown}
 h - 4 scrolls of teleportation {unknown}
 i - a scroll of fog {unknown}
 j - a scroll of noise {unknown}
 l - a scroll of enchant armour {unknown}
 m - a scroll of fear {unknown}
Potions
 b - a potion of might {unknown}
 e - a potion of cancellation {unknown}


   Skills:
 - Level 3.0 Fighting
 + Level 5.1 Axes
 - Level 1.7 Armour
 - Level 1.7 Dodging


You had 3 spell levels left.
You didn't know any spells.
Your spell library was empty.

Dungeon Overview and Level Annotations

Branches:
Dungeon (3/15)

Altars:

Annotations:
D:3 Grinder


Innate Abilities, Weirdness & Mutations

You have sharp fingernails.


Message History

Pain shoots through your body!
You can move again.
Unknown command.
Unknown command.
Unknown command.
Unknown command.
Unknown command.
Unknown command.
Unknown command.
Unknown command.
Unknown command.
Unknown command.
Unknown command.
Unknown command.
Unknown command.
Unknown command.
Unknown command.
Unknown command.
Unknown command.
Unknown command.
Unknown command.
Unknown command.
Unknown command.
Unknown command.
Unknown command.
Unknown command.
You feel a strong urge to attack something.
Things that are here:
a +0 short sword; a stone You barely miss Grinder.
Grinder blinks!
You are no longer berserk.
You are exhausted.
You feel yourself slow down. Grinder gestures at you.
Pain shoots through your body!
Grinder blinks!
Grinder says, "Make like a tree!"
Grinder gestures at you. Pain shoots through your body!
You die...

▒· · · ▒· ·· ▒▒▒▒ ▒·▒▒▒▒
▒·▒▒ ▒···
···▒····▒▒▒▒▒··▒▒▒▒▒▒▒▒▒▒···
········5··@················
▒▒▒▒▒▒▒)▒▒▒▒▒▒··▒▒▒▒▒·······
▒·▒▒▒▒▒▒▒·▒▒ ▒<···▒▒▒
▒·†)··▒▒···▒▒▒▒····▒
▒▒▒▒▒·▒▒······†····▒
▒·▒▒·▒·▒▒▒·····▒
▒····▒··▒▒···[·▒
▒▒▒▒▒▒▒·▒▒·····▒ ▒·▒▒·▒·····


You could see Grinder.

Vanquished Creatures
  Ijyb (D:3)
  4 adders
  3 worms
  A dart slug (D:1)
  An orc (D:3)
  2 endoplasms
  16 goblins
  8 hobgoblins
  4 ball pythons
  5 bats
  2 frilled lizards
  4 kobolds
  7 rats
58 creatures vanquished.

Notes
Turn   | Place    | Note
-------+----------+-------------------------------------------
     0 | D:1      | Azzok the Demonspawn Berserker began the quest for the Orb.
     0 | D:1      | Reached XP level 1. HP: 18/18 MP: 1/1
   211 | D:1      | Reached skill level 3 in Axes
   313 | D:1      | Gained mutation: You have sharp fingernails. [demonic
                  | ancestry]
   313 | D:1      | Reached XP level 2. HP: 24/24 MP: 2/2
   871 | D:1      | Reached ** piety under Trog
  1442 | D:2      | Reached XP level 3. HP: 29/29 MP: 3/3
  1451 | D:2      | Reached skill level 4 in Axes
  2003 | D:2      | Reached XP level 4. HP: 31/35 MP: 4/4
  2916 | D:3      | Noticed Ijyb
  2923 | D:3      | Killed Ijyb
  2924 | D:3      | Reached skill level 5 in Axes
  2961 | D:3      | Noticed Grinder
  2963 | D:3      | Paralysed by Grinder for 5 turns
  2976 | D:3      | Killed from afar by Grinder

Illustrated notes

Levels and vault maps discovered:
D:1:      dpeg_arrival_lava_temple_mockup, layout_basic
D:2:      cheibrodos_greedy_goblins, layout_loops_ring
D:3:      layout_basic, uniq_ijyb, uniq_grinder

Skill      XL: |  1  2  3  4 |
---------------+-------------+-----
Axes           | 3 4 5 |  5.1
Fighting       | |  3.0
Armour         | |  1.7
Dodging        | |  1.7

Action                   |  1- 3 |  4- 6 || total
-------------------------+-------+-------++-------
Melee: Hand axe          |   140 |    68 ||   208
       Broad axe         |       |     3 ||     3
Invok: Berserk           |     1 |     2 ||     3
 Stab: Sleeping          |     2 |       ||     2
Armor: Animal skin       |    25 |       ||    25
       Leather armour    |    19 |     4 ||    23
       Plate armour      |       |    30 ||    30
Dodge: Dodged            |   102 |    13 ||   115

Table legend: (Time is in decaauts)
 A = Elapsed time spent in this place.
 B = Non-inter-level travel time spent in this place.
 C = Inter-level travel time spent in this place.
 D = Time resting spent in this place.
 E = Time spent auto-exploring this place.
 F = Levels seen in this place.
 G = Mean time per level.
                   A        B        C        D        E       F      G
               +--------+--------+--------+--------+--------+-----+--------+
         Total |   3017 |   2954 |     63 |     66 |   2387 |   3 | 1005.7 |
       Dungeon |   3017 |   2954 |     63 |     66 |   2387 |   3 | 1005.7 |
               +--------+--------+--------+--------+--------+-----+--------+

Top non-repeatable levels by time:
     D:1: 1315 daAuts
     D:2: 1283 daAuts
     D:3: 417 daAuts
